Map: Ulrena

Players

zidar - Winner!

  • Race: Zerg Zerg
  • League: Gold
  • Spawn Location: 7:00

SuperNovak

  • Race: Terran Terran
  • League: Silver
  • Spawn Location: 11:00

VOD

Have the link to the VOD?

Description

Time

  • Played on: May 20, 2016, 3:11 p.m.
  • Length: 5:26
Show
View Real Time Build Order
Export as new Build Order

zidar Zerg - Winner!

Build Orders: Hatch First 

Get SALT Encoding   

  12  0:01  Drone  
  13  0:12  Overlord  
  13  0:18  Drone  
  14  0:30  Drone x2  
  14  0:34  Drone  
  17  0:57  Hatchery, Drone  
  17  1:00  Extractor  
  17  1:02  Drone  
  17  1:12  Drone  
  18  1:24  Spawning Pool  
  17  1:27  Drone  
  17  1:39  Drone  
  18  1:42  Overlord  
  18  2:13  Zergling x6  
  21  2:16  Overlord  
  21  2:19  Queen  
  21  2:21  Drone  
  24  2:23  Metabolic Boost  
  24  2:35  Roach Warren  
  22  2:56  Spine Crawler  
  22  3:06  Queen  
  22  3:09  Zergling x2  
  22  3:10  Zergling x10  
  30  3:52  Roach x7  
  40  4:33  Overlord x2  
  40  4:37  Roach x2  
Show
View Real Time Build Order
Export as new Build Order

SuperNovak Terran 

Build Orders: Reaper Expand 

Get SALT Encoding   

  12  0:01  SCV  
  13  0:13  SCV  
  14  0:18  Supply Depot  
  14  0:25  SCV  
  15  0:39  SCV  
  15  0:41  Barracks  
  16  0:47  Refinery  
  16  0:51  SCV  
  17  1:04  SCV  
  18  1:19  SCV  
  19  1:32  Reaper  
  20  1:35  Orbital Command  
  20  1:43  Command Center  
  20  1:52  Supply Depot  
  20  2:00  SCV  
  21  2:10  Barracks Reactor  
  21  2:24  Factory  
  21  2:27  Refinery  
  21  2:29  SCV  
  22  2:41  SCV  
  23  3:02  SCV  
  23  3:05  Orbital Command  
  24  3:14  SCV  
  24  3:19  Starport  
  25  3:21  Hellion  
  25  3:22  Hellion  
  25  3:23  Barracks Tech Lab  
  29  3:32  SCV x2  
  31  3:43  Barracks  
  31  3:44  SCV  
  31  3:51  Hellion x2  
  35  4:10  Marine  
  36  4:28  Marine  
  31  4:42  Barracks Tech Lab  
  24  4:46  Marauder  
Tags
 
Add a new tag
Caveats
  • Supply blocks, unpowered buildings, or Contaminate may cause inaccurate times.
  • Supply counts are checked every 10 seconds.